 Dungeon Crawl Stone Soup version 0.20.1-1-g8b1a95d (webtiles) character file.

91 McKennaii the Ruffian (level 4, -3/35 HPs)
             Began as a Draconian Transmuter on July 21, 2017.
             Incinerated by raetorn's ghost (4 damage)
             ... with a sticky flame
             ... on level 3 of the Dungeon.
             The game lasted 00:03:47 (1632 turns).

McKennaii the Ruffian (Draconian Transmuter)        Turns: 1632, Time: 00:03:48

Health: -3/35      AC:  6    Str: 12    XL:     4   Next: 34%
Magic:  7/7        EV: 12    Int: 15    God:
Gold:   62         SH:  0    Dex: 11    Spells: 4/7 levels left

rFire    . . .     SeeInvis .     - Unarmed
rCold    . . .     Gourm    .   (no shield)
rNeg     . . .     Faith    .   (armour unavailable)
rPois    .         Spirit   .   (helmet restricted)
rElec    .         Reflect  .   (no cloak)
rCorr    .         Harm     .   g - +0 pair of gloves
MR       .....                  (no boots)
Stlth    +.........             (no amulet)
Regen    0.2/turn               (no ring)
MPRegen  0.1/turn               (no ring)

@: liquid flames, glowing
A: unfitting armour, cold-blooded, AC +5
a: no special abilities


You were on level 3 of the Dungeon.
You were hungry.

You visited 1 branch of the dungeon, and saw 3 of its levels.

You collected 62 gold pieces.

Inventory:

Missiles
 a - 9 arrows
Armour
 g - a +0 pair of gloves (worn)
Jewellery
 h - an uncursed ring of resist corrosion {unknown}
Scrolls
 d - a scroll of identify {unknown}
 e - 2 scrolls of noise {unknown}
 j - a scroll of amnesia {unknown}
Potions
 i - a potion of heal wounds {unknown}
Books
 b - a book of Changes

   Spells                             Type                      Level
   a - Beastly Appendage              Transmutation                1
   b - Sticks to Snakes               Transmutation                2
   c - Spider Form                    Transmutation/Poison         3
   d - Ice Form                       Ice/Transmutation            4
   e - Blade Hands                    Transmutation                5
Comestibles
 c - 2 bread rations
 f - 2 meat rations


   Skills:
 + Level 1.2 Fighting
 + Level 2.4 Dodging
 + Level 1.0 Stealth
 + Level 4.2 Unarmed Combat
 + Level 2.0 Spellcasting
 * Level 2.6 Transmutations


You had 4 spell levels left.
You knew the following spells:

 Your Spells              Type           Power        Failure   Level  Hunger
a - Beastly Appendage     Tmut           #.....       8%          1    #......
b - Sticks to Snakes      Tmut           #.......     12%         2    ###....


Dungeon Overview and Level Annotations

Branches:
Dungeon (3/15)

Altars:
Uskayaw

Annotations:
D:3 raetorn's ghost, amateur OpFE


Innate Abilities, Weirdness & Mutations

Your plain brown scales are hard. (AC +5)
You cannot fit into any form of body armour.
You are cold-blooded and may be slowed by cold attacks.


Message History

The goblin hits you but does no damage.
You miss the goblin. You tail-slap the goblin.
You kill the goblin!
You hit raetorn's ghost.
Raetorn's ghost is lightly damaged.
Raetorn's ghost sprays you with burning goo.
The sticky flame hits you!
You are covered in liquid flames!
You barely miss raetorn's ghost.
Raetorn's ghost is lightly damaged.
You are covered in liquid flames!
Raetorn's ghost stares at you and mumbles some strange words.
The flame tongue hits you!
* * * LOW HITPOINT WARNING * * *
You are too injured to fight recklessly!
You are too injured to fight recklessly!
You are too injured to fight recklessly!
You are too injured to fight recklessly!
You are covered in liquid flames!
You die...

###########
$.....)@..#
#########W# #.#
#### #.# #.# ...
#.# #.# #.# #.#
#.# #.#
#.######.###.#####
#.#
#.##.............#
#.#
#.##.###.###.###.#


You could see raetorn's ghost.

Vanquished Creatures
  3 adders
  4 dart slugs
  A worm (D:3)
  A leopard gecko (D:3)
  3 giant cockroaches
  8 goblins
  3 hobgoblins (D:1)
  11 jackals
  2 bats (D:1)
  5 frilled lizards
  2 kobolds
  5 rats
48 creatures vanquished.

Vanquished Creatures (collateral kills)
  An orc (D:3)
  3 jackals (D:3)
4 creatures vanquished.

Grand Total: 52 creatures vanquished

Notes
Turn   | Place    | Note
-------+----------+-------------------------------------------
     0 | D:1      | McKennaii the Draconian Transmuter began the quest for the Orb.
     0 | D:1      | Reached XP level 1. HP: 16/16 MP: 3/3
   284 | D:1      | Reached XP level 2. HP: 23/23 MP: 5/5
   299 | D:1      | Learned a level 2 spell: Sticks to Snakes
   639 | D:1      | Reached XP level 3. HP: 28/28 MP: 6/6
   730 | D:2      | Found a hide-covered altar of Uskayaw.
   730 | D:2      | Noticed a hand axe
   731 | D:2      | Noticed a dagger
   929 | D:2      | Reached skill level 4 in Unarmed Combat
  1240 | D:3      | Reached XP level 4. HP: 32/35 MP: 7/7
  1335 | D:3      | Reached skill level 1 in Stealth
  1476 | D:3      | Noticed raetorn's ghost (amateur OpFE)
  1631 | D:3      | HP: 1/35 [raetorn's ghost/flame tongue (14)]
  1632 | D:3      | Incinerated by raetorn's ghost

Skill      XL: |  1  2  3  4 |
---------------+-------------+-----
Dodging        | 2 |  2.4
Unarmed Combat | 4 |  4.2
Stealth        | 1 |  1.0
Fighting       | |  1.2
Spellcasting   | |  2.0
Transmutations | |  2.6

Action                   |  1- 3 |  4- 6 || total
-------------------------+-------+-------++-------
Melee: Unarmed           |   114 |    35 ||   149
       Tailslap          |     8 |     2 ||    10
       Punch             |     2 |     2 ||     4
 Cast: Sticks to Snakes  |       |     3 ||     3
 Stab: Sleeping          |     1 |     1 ||     2
  Eat: Chunk             |     1 |     1 ||     2
Armor: Skin              |    42 |    15 ||    57
Dodge: Dodged            |    88 |    25 ||   113
